Map: Ascension to Aiur LE

Players

SamuraiFunn

  • Race: Protoss Protoss
  • League: Platinum
  • Spawn Location: 5:00

A.I. 1 (Very Hard) - Winner!

  • Race: Terran Terran
  • Spawn Location: 11:00

VOD

Have the link to the VOD?

Description

Time

  • Played on: Nov. 28, 2017, 9:30 p.m.
  • Length: 11:16
Show
View Real Time Build Order
Export as new Build Order

SamuraiFunn Protoss 

Build Orders:  

Get SALT Encoding   

  12  0:03  Probe  
  13  0:15  Probe  
  14  0:25  Pylon  
  14  0:27  Probe  
  15  0:43  Probe (Chrono Boost)  
  15  0:47  Gateway  
  16  0:55  Probe (Chrono Boost)  
  17  1:03  Probe (Chrono Boost)  
  18  1:06  Gateway  
  18  1:10  Probe  
  19  1:19  Assimilator  
  19  1:22  Probe, Pylon  
  20  1:34  Probe  
  20  1:38  Cybernetics Core  
  20  1:39  Zealot  
  24  1:47  Probe  
  24  1:48  Pylon  
  24  1:59  Probe, Assimilator  
  25  2:14  Probe  
  26  2:18  Pylon  
  26  2:26  Probe  
  27  2:33  Nexus  
  27  2:41  Probe  
  28  2:52  Robotics Facility  
  28  2:53  Probe  
  28  2:58  Warp Gate (Chrono Boost)  
  29  3:07  Probe, Twilight Council  
  30  3:19  Probe  
  31  3:20  Assimilator  
  31  3:31  Probe  
  32  3:37  Stalker  
  32  3:40  Pylon  
  34  3:42  Stalker  
  34  3:43  Probe  
  37  3:49  Probe  
  38  3:57  Probe  
  39  4:02  Blink  
  39  4:03  Probe  
  39  4:06  Observer  
  39  4:07  Assimilator  
  42  4:10  Probe  
  42  4:15  Probe  
  42  4:16  Pylon  
  43  4:26  Probe  
  43  4:27  Probe  
  45  4:36  Gateway  
  45  4:38  Probe  
  45  4:40  Probe  
  47  4:51  Probe  
  47  4:52  Probe  
  49  4:55  Gateway  
  49  4:58  Observer  
  50  5:05  Probe x2  
  52  5:11  Pylon  
  52  5:17  Probe x2  
  52  5:19  Robotics Facility  
  52  5:21  Immortal  
  58  5:27  Stalker  
  58  5:28  Stalker  
  62  5:29  Probe x2  
  64  5:41  Probe x2  
  66  5:52  Nexus  
  66  5:53  Probe x2  
  68  6:05  Probe x2  
  68  6:06  Immortal  
  74  6:12  Pylon  
  74  6:16  Pylon  
  74  6:18  Assimilator  
  74  6:19  Probe x2  
  74  6:21  Immortal  
  80  6:31  Probe x2  
  82  6:34  Forge  
  82  6:37  Stalker x2  
  82  6:38  Stalker  
  88  6:43  Probe x2  
  90  6:49  Stalker  
  90  6:53  Immortal  
  96  6:55  Probe  
  96  6:56  Probe  
  98  7:07  Probe  
  98  7:08  Probe  
  100  7:20  Probe x2, Assimilator  
  102  7:23  Stalker x3  
  102  7:24  Stalker  
  102  7:27  Protoss Ground Weapons Level 1 (Chrono Boost)  
  102  7:28  Charge  
  110  7:34  Probe x2  
  112  7:46  Probe  
  112  7:49  Probe  
  114  7:51  Pylon  
  114  7:56  Pylon  
  115  7:58  Probe  
  115  8:11  Stalker  
  115  8:12  Stalker x3  
  123  8:13  Nexus  
  123  8:16  Pylon  
  123  8:17  Observer x2  
  123  8:18  Pylon  
  125  8:21  Assimilator  
  125  8:25  Assimilator  
  125  8:44  Gateway, Stalker x4  
  125  8:46  Gateway  
  125  8:47  Gateway  
  133  9:02  Immortal x2  
  136  9:48  Stalker x4  
  85  10:11  Zealot  
  85  10:12  Zealot x4  
  85  10:13  Zealot x2  
  65  10:59  Zealot x2  
  65  11:00  Zealot x2  
Show
View Real Time Build Order
Export as new Build Order

A.I. 1 (Very Hard) Terran - Winner!

Build Orders: MMM Bio 

Get SALT Encoding   

  12  0:00  SCV  
  13  0:13  SCV  
  14  0:19  Supply Depot  
  14  0:25  SCV  
  15  0:40  SCV  
  16  0:43  Barracks  
  16  0:52  SCV  
  17  1:04  SCV  
  18  1:16  SCV  
  19  1:21  Command Center  
  19  1:30  Marine  
  20  1:35  Orbital Command  
  20  1:41  Refinery  
  20  1:47  Marine  
  20  1:52  Supply Depot  
  21  2:01  SCV  
  22  2:05  Marine, Refinery  
  23  2:14  SCV  
  24  2:23  Marine  
  24  2:26  SCV  
  26  2:32  Orbital Command  
  26  2:38  SCV  
  26  2:41  Marine  
  26  2:42  Factory  
  28  2:50  SCV  
  29  2:59  SCV, Factory, Marine  
  29  3:02  SCV  
  32  3:11  SCV  
  33  3:14  SCV  
  33  3:16  Supply Depot  
  33  3:17  Marine  
  35  3:23  SCV  
  35  3:25  Factory Tech Lab  
  35  3:26  SCV  
  37  3:35  SCV  
  37  3:38  SCV  
  39  3:42  Factory Tech Lab  
  39  3:43  Siege Tank  
  39  3:47  SCV  
  43  3:50  Supply Depot  
  43  3:51  SCV  
  44  3:59  SCV  
  44  4:01  Siege Tank  
  48  4:03  SCV  
  48  4:07  Supply Depot, Marine  
  50  4:12  SCV  
  50  4:15  SCV, Supply Depot  
  52  4:17  Siege Tank  
  52  4:24  SCV  
  56  4:27  SCV  
  56  4:30  Supply Depot  
  57  4:34  Marine  
  57  4:36  SCV  
  59  4:39  SCV  
  59  4:41  Siege Tank  
  63  4:48  SCV  
  63  4:50  Supply Depot  
  63  4:51  SCV  
  63  4:52  Marine  
  65  4:58  Barracks  
  66  5:00  SCV  
  66  5:01  Armory, Hellion  
  66  5:02  Refinery  
  66  5:03  SCV  
  66  5:04  Refinery  
  70  5:11  Barracks Tech Lab  
  70  5:12  SCV  
  70  5:13  Hellion  
  73  5:23  Hellion  
  73  5:25  SCV x2  
  73  5:26  Factory  
  77  5:35  Hellion  
  79  5:37  SCV  
  79  5:39  SCV  
  79  5:40  Supply Depot  
  81  5:44  Hellion  
  81  5:48  Engineering Bay  
  81  5:49  SCV  
  84  5:50  Infernal Pre-Igniter  
  84  5:53  Marauder  
  84  5:56  Siege Tank  
  89  6:04  Supply Depot  
  89  6:06  Hellion  
  89  6:10  Hellion  
  93  6:14  Marauder  
  93  6:16  Engineering Bay  
  93  6:17  Missile Turret  
  95  6:19  Terran Infantry Weapons Level 1, Missile Turret  
  95  6:23  Marine  
  96  6:27  Siege Tank  
  96  6:28  Supply Depot, Hellion  
  101  6:36  Marauder  
  101  6:38  Command Center  
  103  6:40  Terran Vehicle Weapons Level 1  
  103  6:41  Marine  
  103  6:42  Terran Infantry Armor Level 1  
  104  6:50  Stimpack  
  104  6:52  Supply Depot  
  104  6:57  Marauder  
  104  6:58  Missile Turret  
  106  7:18  Missile Turret  
  106  7:19  Armory  
  106  7:26  Cyclone  
  109  7:36  Cyclone  
  112  7:37  Widow Mine  
  112  7:38  Supply Depot  
  112  7:41  Missile Turret  
  112  7:43  Marauder  
  115  7:50  SCV  
  115  7:51  SCV x2  
  118  7:58  Widow Mine  
  118  8:01  Command Center, Refinery  
  118  8:02  SCV  
  118  8:03  SCV, Starport, Orbital Command  
  118  8:04  Marauder  
  118  8:05  Missile Turret  
  124  8:06  Widow Mine, Terran Vehicle And Ship Armor Level 1  
  124  8:07  Missile Turret  
  124  8:08  Widow Mine  
  128  8:14  SCV  
  128  8:16  SCV  
  130  8:21  Refinery  
  130  8:24  Barracks  
  130  8:26  Supply Depot  
  130  8:27  SCV  
  131  8:28  SCV  
  131  8:29  SCV  
  133  8:38  Terran Infantry Weapons Level 2  
  133  8:39  SCV  
  133  8:40  SCV  
  133  8:41  SCV  
  136  8:42  Medivac  
  138  8:50  Combat Shields  
  138  8:51  SCV  
  138  8:52  SCV  
  138  8:53  SCV, Supply Depot  
  141  8:55  Terran Vehicle Weapons Level 2  
  141  9:03  SCV  
  141  9:04  SCV  
  141  9:05  SCV, Barracks Reactor  
  144  9:11  Barracks  
  144  9:13  Starport Tech Lab  
  144  9:14  Planetary Fortress  
  144  9:24  Marauder, Refinery  
  146  9:26  Missile Turret  
  146  9:27  SCV  
  81  9:31  Medivac  
  146  9:36  Barracks Tech Lab, Missile Turret  
  148  9:38  Refinery  
  148  9:41  Marine x2  
  148  9:44  Starport, Hellion  
  140  9:45  Marauder  
  140  9:46  Supply Depot  
  140  9:47  Hellion  
  140  9:50  Cyclone  
  130  9:55  Marauder  
  130  9:58  Marine x2  
  130  9:59  Marine, Missile Turret  
  135  10:01  Medivac  
  135  10:04  Hi-Sec Auto Tracking  
  135  10:06  Marine, Hellion  
  135  10:09  Hellion  
  137  10:16  Marine, Marauder  
  137  10:21  Factory  
  140  10:22  Hellion  
  140  10:25  Marauder, Command Center  
  140  10:27  Thor  
  150  10:30  Hellion  
  150  10:31  Raven  
  154  10:37  Marauder  
  156  10:42  SCV  
  156  10:44  Factory Tech Lab  
  156  10:46  Marauder  
  158  10:52  SCV  
  158  10:53  Supply Depot  
  158  10:56  SCV  
  158  10:58  SCV  
  158  11:00  SCV  
  158  11:02  Command Center  
Tags
 
Composition
MMM Bio
League
Platinum
Matchup
PvT
Replay Pack
First 100 games
Spawn Locations
Cross Positions
Add a new tag
Caveats
  • Supply blocks, unpowered buildings, or Contaminate may cause inaccurate times.
  • Supply counts are checked every 10 seconds.